 Dungeon Crawl Stone Soup version 0.23.2 (webtiles) character file.

Game seed: 11142144896282787143

1897 Belphegor the Cudgeler (level 8, -4/79 HPs)
             Began as a Troll Berserker on Dec 9, 2019.
             Was an Elder of Trog.
             Slain by a hornet (11 damage)
             ... on level 7 of the Dungeon.
             The game lasted 00:49:35 (5929 turns).

Belphegor the Cudgeler (Troll Berserker)            Turns: 5929, Time: 00:49:37

Health: -4/79      AC:  9    Str: 26    XL:     8   Next: 93%
Magic:  7/7        EV:  8    Int:  4    God:    Trog [****..]
Gold:   121        SH: 15    Dex: 10    Spells: 7/7 levels left

rFire    + . .     SeeInvis .   L - +3 mace
rCold    . . .     Gourm    +   k - +0 large shield
rNeg     . . .     Faith    .   b - +0 animal skin
rPois    .         Spirit   .   F - +0 hat
rElec    .         Reflect  .   w - +2 cloak
rCorr    .         Harm     .   (gloves unavailable)
MR       .....                  (boots unavailable)
Stlth    +.........             (no amulet)
HPRegen  0.63/turn              x - ring of protection from fire
MPRegen  0.10/turn              (no ring)

@: lethally poisoned (-4 -> -17), slowed, very slow
A: large, unfitting armour, claws 3, fast metabolism 3, gourmand, regeneration
1, shaggy fur 1, tough skin 3
a: Berserk, Trog's Hand, Brothers in Arms, Renounce Religion


You were on level 7 of the Dungeon.
You worshipped Trog.
Trog was greatly pleased with you.
You were not hungry.

You visited 1 branch of the dungeon, and saw 7 of its levels.
You also visited: Sewer.

You collected 211 gold pieces.
You spent 90 gold pieces at shops.

Inventory:

Hand Weapons
 a - a +0 mace
 e - a +0 club
 g - a +0 club
 i - a +0 whip
 q - a +0 flail
 z - a +0 blowgun
 B - a +0 giant spiked club
 J - a +3 quarterstaff of chaos
 L - a +3 mace (weapon)
Missiles
 d - 2 javelins of penetration
 f - 178 stones (quivered)
 h - 14 needles of confusion
 y - 2 curare-tipped needles
 G - 5 javelins
 I - 19 poisoned needles
Armour
 b - a +0 animal skin (worn)
 k - a +0 large shield (worn)
 r - a +0 scale mail
 w - a +2 cloak (worn)
 F - a +0 hat (worn)
 K - a +0 cloak of magic resistance
Jewellery
 x - a ring of protection from fire (left claw)
Wands
 C - a wand of random effects (20)
Scrolls
 j - a scroll of teleportation
 l - 4 scrolls of remove curse
 t - 2 scrolls of magic mapping
 A - 2 scrolls of blinking
 E - 2 scrolls of enchant armour
 M - a scroll of enchant weapon {unknown}
 N - a scroll of noise {unknown}
Potions
 m - 2 potions of haste {unknown}
 n - a potion of berserk rage {unknown}
 o - a potion of invisibility {unknown}
 p - a potion of cancellation {unknown}
 s - 3 potions of heal wounds {unknown}
 u - 3 potions of magic {unknown}
 v - a potion of mutation {unknown}
 D - a potion of flight {unknown}
 H - a potion of brilliance {unknown}
Comestibles
 c - 7 rations


   Skills:
 * Level 4.8 Fighting
 + Level 5.9 Maces & Flails
 * Level 3.1 Throwing
 + Level 4.5 Dodging
 + Level 0.5 Stealth
 * Level 4.9 Shields


You had 7 spell levels left.
You didn't know any spells.
Your spell library contained the following spells:

 Spells                   Type           Power        Failure   Level  Hunger
 Animate Skeleton         Necr           N/A          99%         1    ##.....
 Apportation              Tloc           #.....       99%         1    ##.....
 Confusing Touch          Hex            #.....       99%         1    ##.....
 Summon Small Mammal      Summ           #...         99%         1    ##.....


Dungeon Overview and Level Annotations

Branches:
Dungeon (7/15)             Temple (0/1) D:6

Altars:
Ashenzari
Gozag
Okawaru
Qazlal
Uskayaw
Xom
The Shining One

Shops:
D:4 *   D:5 *   D:6 }*?


Innate Abilities, Weirdness & Mutations

You are too large for most types of armour.
You have claws for hands.
Your metabolism is lightning-fast.
You like to eat raw meat.
Your natural rate of healing is unusually fast.
You are covered in fur. (AC +1)
You have extremely tough skin. (AC +3)


Message History

You hit the hornet.
The hornet is moderately wounded.
You feel very sick.
The hornet stings you but does no damage. x2
The hornet barely misses you.
You hit the hornet.
The hornet is moderately wounded.
You feel yourself speed up.
You feel very sick.
You block the hornet's attack. x2; The hornet stings you.
You are more poisoned.
You feel yourself slow down.
You sock the hornet!
The hornet is severely wounded.
You feel yourself speed up.
You feel very sick. The hornet stings you!!
* * * LOW HITPOINT WARNING * * *
You feel yourself slow down. The hornet stings you!
You die...

.... #...# #...#
#...# #...# #.#.#
#.#.######
#.#..@...#
#.#.#.y....#
#.####.#.##.....#
#........# ......#
########.# ##.....
#.##################
#.........>.........
####################


You could see a hornet.

Vanquished Creatures
  Sigmund (D:6)
  Eustachio (D:4)
  Menkaure (D:6)
  A sky beast (D:4)
  2 ice beasts (D:7)
  2 phantoms
  2 ogres
  2 big kobolds (Sewer)
  2 bullfrogs
  A scorpion (D:4)
  2 howler monkeys (D:4)
  A crimson imp (D:5)
  Crazy Yiuf (D:5)
  An orc priest (D:2)
  An iguana (D:4)
  2 orc wizards
  A worker ant (D:5)
  3 gnolls (D:3)
  9 adders
  2 river rats (Sewer)
  A shadow imp (D:7)
  6 oozes
  An adder skeleton (D:4)
  3 worms
  8 leopard geckos
  5 orcs
  4 ball pythons
  8 giant cockroaches
  12 goblins
  7 hobgoblins
  7 jackals
  4 quokkas
  A ball python skeleton (D:4)
  5 bats
  4 frilled lizards
  17 kobolds
  A quokka skeleton (D:4)
  14 rats
146 creatures vanquished.

Notes
Turn   | Place    | Note
-------+----------+-------------------------------------------
     0 | D:1      | Belphegor the Troll Berserker began the quest for the Orb.
     0 | D:1      | Reached XP level 1. HP: 22/22 MP: 0/0
   440 | D:1      | Reached XP level 2. HP: 27/29 MP: 1/1
   522 | D:1      | Reached skill level 3 in Maces & Flails
  1131 | D:2      | Reached ** piety under Trog
  1256 | D:2      | Found an opulent altar of Gozag.
  1260 | D:2      | Reached XP level 3. HP: 36/36 MP: 2/2
  1562 | D:2      | Noticed a bullfrog
  1576 | D:2      | Killed a bullfrog
  1576 | D:2      | Reached XP level 4. HP: 18/45 MP: 3/3
  1602 | D:2      | Found a shattered altar of Ashenzari.
  1751 | D:2      | Found a hide-covered altar of Uskayaw.
  1758 | D:2      | Noticed a +0 hand axe
  1758 | D:2      | Noticed a +0 dagger
  2008 | D:2      | Reached XP level 5. HP: 24/53 MP: 4/4
  2247 | D:2      | You fall through a shaft!
  2341 | D:3      | Reached skill level 4 in Maces & Flails
  2435 | D:3      | Reached *** piety under Trog
  2920 | D:4      | Reached XP level 6. HP: 53/61 MP: 5/5
  2929 | D:4      | Found Dovon's Assorted Antiques.
  2938 | D:4      | Bought 2 scrolls labeled TUQOTAI WETU for 60 gold pieces
  2938 | D:4      | Bought a scroll labeled NUFATU NAMOHA for 30 gold pieces
  3011 | D:4      | Found a glowing drain.
  3016 | Sewer    | Entered a sewer
  3276 | Sewer    | Reached skill level 1 in Shields
  3385 | Sewer    | Reached skill level 1 in Throwing
  3645 | Sewer    | Reached **** piety under Trog
  3689 | D:4      | Reached XP level 7. HP: 49/68 MP: 6/6
  3715 | D:4      | Noticed Eustachio
  3748 | D:4      | Killed Eustachio
  3855 | D:4      | Reached skill level 5 in Maces & Flails
  3909 | D:4      | Found a shimmering altar of Xom.
  4214 | D:4      | Reached XP level 8. HP: 31/78 MP: 7/7
  4627 | D:5      | Entered Level 5 of the Dungeon
  4837 | D:5      | Found a stormy altar of Qazlal.
  4841 | D:5      | Noticed an air elemental
  4846 | D:5      | Found Cyptu's General Store.
  5025 | D:5      | Found a runed translucent door.
  5026 | D:5      | Noticed Crazy Yiuf
  5036 | D:5      | Killed Crazy Yiuf
  5177 | D:5      | Found an iron altar of Okawaru.
  5574 | D:6      | Found Ysileclogg's General Store.
  5583 | D:6      | Found Zexaug's Magic Scroll Boutique.
  5588 | D:6      | Noticed Menkaure
  5600 | D:6      | Noticed Sigmund
  5607 | D:6      | Killed Menkaure
  5619 | D:6      | Found a staircase to the Ecumenical Temple.
  5628 | D:6      | HP: 1/79 [something (5)]
  5629 | D:6      | Killed Sigmund
  5685 | D:6      | Found Zaocsuq's Gadget Shop.
  5815 | D:7      | Found a glowing golden altar of the Shining One.
  5919 | D:7      | Noticed a hornet
  5923 | D:7      | Paralysed by a hornet for 3 turns
  5929 | D:7      | Slain by a hornet

Skill      XL: |  1  2  3  4  5  6  7  8 |
---------------+-------------------------+-----
Maces & Flails | 3 4 5 |  5.9
Fighting       | 3 4 |  4.8
Dodging        | 3 4 |  4.5
Shields        | 2 3 4 |  4.9
Throwing       | 1 2 3 |  3.1
Stealth        | |  0.5

Action                   |  1- 3 |  4- 6 |  7- 9 || total
-------------------------+-------+-------+-------++-------
Melee: Mace              |    56 |       |    66 ||   122
       Whip              |    65 |    95 |       ||   160
       Flail             |       |   215 |   207 ||   422
 Fire: Blowgun           |       |       |     2 ||     2
Throw: Stone             |    10 |    29 |    11 ||    50
       Javelin           |       |       |     5 ||     5
Invok: Berserk           |       |     1 |     1 ||     2
  Use: Scroll            |     1 |     6 |     1 ||     8
 Stab: Sleeping          |     1 |       |       ||     1
  Eat: Chunk             |    12 |    17 |    11 ||    40
       Ration            |     1 |     1 |     4 ||     6
Armor: Animal skin       |    57 |   133 |   101 ||   291
Dodge: Dodged            |    73 |   139 |    50 ||   262
Block: Large shield      |       |   121 |   217 ||   338
